 Dungeon Crawl Stone Soup version 0.17-a0-1945-gfe993df (webtiles) character file.

99 tp1 the Covered (level 4, -14/42 HPs)
             Began as a Gargoyle Berserker on Sept 30, 2015.
             Was a Believer of Trog.
             Killed by divine providence
             ... invoked by an orc priest
              (17 damage)
             ... on level 3 of the Dungeon.
             The game lasted 00:08:49 (1824 turns).

tp1 the Covered (Gargoyle Berserker)                Turns: 1824, Time: 00:08:50

Health: -14/42     AC: 13    Str: 27    XL:     4   Next: 72%
Magic:  4/4        EV:  9    Int:  7    God:    Trog [**....]
Gold:   109        SH:  0    Dex:  9    Spells: 0 memorised, 3 levels left

rFire  . . .     SeeInvis .     a - +0 hand axe
rCold  . . .     Clarity  .     r - +0 chain mail
rNeg   + . .     SustAt   .     (no shield)
rPois  ∞         Gourm    .     (no helmet)
rElec  +         Spirit   .     (no cloak)
rCorr  .         Warding  .     (no gloves)
rMut   .         Stasis   .     (no boots)
MR     ++...                    (no amulet)
Stlth  ..........               (no ring)
                                (no ring)

@: berserking, regenerating, very quick, very resistant to hostile enchantments,
extremely unstealthy
A: negative energy resistance 1, electricity resistance, unbreathing,
petrification resistance, rot immunity, AC +3
a: Burn Spellbooks, Berserk, Trog's Hand, Renounce Religion


You were on level 3 of the Dungeon.
You worshipped Trog.
Trog was pleased with you.
You were hungry.

You visited 1 branch of the dungeon, and saw 3 of its levels.

You collected 109 gold pieces.

Inventory:

Hand weapons
 a - a +0 hand axe (weapon)
 i - a +0 hand axe
 q - a +0 mace
Missiles
 u - 12 poisoned bolts
Armour
 b - a +0 animal skin
 h - a +0 leather armour
 l - a +0 ring mail
 r - a +0 chain mail (worn)
Magical devices
 v - a wand of slowing (36)
Scrolls
 d - 2 scrolls of identify {unknown}
 f - 5 scrolls of fog {unknown}
 g - a scroll of teleportation {unknown}
 j - a scroll of amnesia {unknown}
 k - 3 scrolls of remove curse {unknown}
 m - a scroll of recharging {unknown}
Potions
 e - a potion of flight {unknown}
 n - a potion of lignification {unknown}
 s - a potion of invisibility {unknown}
Comestibles
 c - 2 bread rations
 o - 3 fruits
 p - 3 chunks of flesh
 t - a beef jerky


   Skills:
 - Level 3.5 Fighting
 - Level 3.2(3.3) Axes
 + Level 0.6(2.3) Maces & Flails
 + Level 4.1 Armour
 - Level 1.8 Dodging


You had 3 spell levels left.
You didn't know any spells.

Dungeon Overview and Level Annotations

Branches:
Dungeon (3/15)

Altars:


Innate Abilities, Weirdness & Mutations

You are resistant to torment.
Your stone body is resilient (AC +3).
You are immune to poison.
You resist negative energy.
You are resistant to electric shocks.
You can survive without breathing.
You are immune to petrification.
You are immune to rotting.


Message History

You feel resistant to hostile enchantments.
You feel slightly more hungry.
The orc shouts!
The orc priest shouts!
The orc priest invokes the aid of Beogh against you.
Something smites you!
Ouch! That really hurt!
The orc priest casts a cantrip, but nothing happens.
An orc comes into view.
The orc shouts!
Use which ability?
A red film seems to cover your vision as you go berserk!
You feel yourself moving faster!
You feel mighty!
You are feeling hungry.
The orc priest calls down the wrath of Beogh upon you.
Something smites you!
* * * LOW HITPOINT WARNING * * *
You feel a strong urge to attack something.
The orc priest mumbles some strange prayers to Beogh against you.
Something smites you!
You die...

######## #......########
#.............#
#.............#
#.............#
#.............# .
..............# o..
#..^..........#####.....
#...............@o.oo...
#.................o.....
#......#####............
#......# ##...........
........ ........>....
####### ###.......####
#..####.# ##.# .#


You could see 3 orc priests and 2 orcs.

Vanquished Creatures
  Terence (D:2)
  3 gnolls (D:3)
  A worm (D:3)
  4 giant cockroaches
  6 goblins
  3 hobgoblins
  6 kobolds
  2 quokkas (D:3)
  2 ball pythons
  4 bats
  2 giant geckos
  4 giant newts
  7 rats
45 creatures vanquished.

Notes
Turn   | Place    | Note
--------------------------------------------------------------
     0 | D:1      | tp1 the Gargoyle Berserker began the quest for the Orb.
     0 | D:1      | Reached XP level 1. HP: 14/14 MP: 1/1
   567 | D:1      | Reached XP level 2. HP: 19/19 MP: 2/2
  1216 | D:2      | Reached XP level 3. HP: 23/23 MP: 3/3
  1320 | D:2      | Acquired Trog's second power
  1364 | D:2      | Noticed Terence
  1371 | D:2      | Killed Terence
  1371 | D:2      | Reached XP level 4. HP: 28/28 MP: 4/4
  1725 | D:3      | Reached skill level 4 in Armour
  1823 | D:3      | HP: 2/42 [orc priest/divine providence (15)]
  1824 | D:3      | Killed from afar by an orc priest

Vault maps used:
D:1:      dpeg_arrival_circle_labyrinth_c
D:2:      uniq_crazy_yiuf_cottage, uniq_terence
D:3:      amethyst_overflow_temple_binary, uniq_natasha

Action                   |  1- 3 |  4- 6 || total
-------------------------+-------+-------++-------
Melee: Hand axe          |    98 |    22 ||   120
       Mace              |       |    28 ||    28
Invok: Berserk           |     2 |     2 ||     4
       Trog's Hand       |     1 |     2 ||     3
  Eat: Chunk             |     3 |     3 ||     6
